 Dungeon Crawl Stone Soup version 0.31-a0-232-gb1c03b2570 (webtiles) character file.

Game seed: 3677509015783733474

756 Ijustatesigmund the Stinger (level 7, 0/43 HPs)
             Began as an Octopode Venom Mage on July 7, 2023.
             Slain by a gnoll
             ... wielding a +0 spear
              (8 damage)
             ... while paralysed by a gnoll
             ... on level 5 of the Dungeon.
             The game lasted 00:06:51 (4128 turns).

Ijustatesigmund the Stinger (Octopode Venom Mage)   Turns: 4128, Time: 00:06:51

Health: 0/43       AC: -3    Str:  8    XL:     7   Next: 79%
Magic:  9/13       EV:  2    Int: 19    God:
Gold:   173        SH:  0    Dex: 12    Spells: 4/14 levels left

rFire   . . .        c - +2 short sword (speed)
rCold   + . .        (no shield)
rNeg    . . .        (helmet restricted)
rPois   .            k - amulet of regeneration
rElec   .            o - ring of protection from cold
rCorr   .            q - ring of wizardry
SInv    .            (no ring)
Will    .....        (no ring)
Stlth   +++          (no ring)
HPRegen 1.07/turn    (no ring)
MPRegen 0.13/turn    (no ring)
                     (no ring)

%: wizardry (x1)
@: paralysed, corroded
A: almost no armour, amphibious, 8 rings, camouflage 1, gelatinous body 1,
(nimble swimmer 1), tentacles
a: no special abilities


You were on level 5 of the Dungeon.
You visited 1 branch of the dungeon, and saw 6 of its levels.

You collected 173 gold pieces.

Inventory:

Hand Weapons
 c - a +2 short sword of speed (weapon)
Missiles
 e - 2 curare-tipped darts (quivered)
Armour
 m - a +0 buckler
Jewellery
 k - an amulet of regeneration (around mantle)
 o - a ring of protection from cold (left tentacle)
 q - a ring of wizardry (right tentacle)
Scrolls
 d - 2 scrolls of fog
 h - a scroll of brand weapon {unknown}
 i - a scroll of blinking {unknown}
 r - a scroll of enchant armour {unknown}
Potions
 a - a potion of magic
 b - 2 potions of might
 f - a potion of attraction {unknown}
 g - 2 potions of mutation
 j - a potion of heal wounds {unknown}
 l - a potion of enlightenment
 n - 3 potions of curing
 p - 2 potions of ambrosia {unknown}


   Skills:
 - Level 1.2 Fighting
 - Level 2.0 Dodging
 - Level 2.6 Stealth
 + Level 4.2 Spellcasting
 + Level 3.6 Conjurations
 - Level 1.0 Transmutations
 + Level 3.7 Air Magic
 + Level 6.2 Poison Magic


You had 4 spell levels left.
You knew the following spells:

 Your Spells              Type           Power      Damage    Failure   Level
a - Sting                 Tmut/Pois      68%        1d6       1%          1
b - Poisonous Vapours     Pois/Air       46%        N/A       1%          2
c - Mephitic Cloud        Conj/Pois/Air  21%        N/A       2%          3
d - Olgreb's Toxic Radia  Pois           27%        N/A       4%          4

Your spell library contained the following spells:

 Spells                   Type           Power      Damage    Failure   Level
 Kiss of Death            Conj/Necr      40%        2d8       2%          1
 Summon Small Mammal      Summ           16%        N/A       6%          1
 Call Canine Familiar     Summ           4%         N/A       16%         3
 Confusing Touch          Hex            4%         N/A       16%         3
 Gell's Gravitas          Tloc           4%         N/A       16%         3
 Summon Guardian Golem    Hex/Summ       4%         N/A       16%         3
 Teleport Other           Tloc           4%         N/A       16%         3
 Dispel Undead            Necr           4%         3d7       45%         4
 Dispersal                Tloc           2%         N/A       100%        6


Dungeon Overview and Level Annotations

Branches:
Dungeon (6/15)
 Temple: D:4-7

Altars:
Qazlal
Wu Jian

Shops:
D:1 [

Annotations:
D:2 1 runed translucent door, Crazy Yiuf


Innate Abilities, Weirdness & Mutations

You cannot wear most types of armour.
You are amphibious.
You can wear up to eight rings at the same time.
Your skin changes colour to match your surroundings (Stealth+).
Your rubbery body absorbs attacks. (AC +1, EV +1)
((You are camouflaged when in or above water. (Stealth+)))
You have tentacles for arms and can constrict up to eight enemies at once.


Message History

You hit the adder.
The adder is heavily wounded.
You constrict the adder.
The gnoll hits you from afar with a +0 spear.
The adder closely misses you.
You hit the adder. You squeeze the adder.
You kill the adder!
The gnoll closely misses you.
A jelly comes into view.
The gnoll closely misses you. The jelly hits you. The acid corrodes you!
You are splashed with acid!
Things that are here:
a +0 hand axe; a +0 leather armour You barely miss the jelly.
You hit the jelly.
Your tentacles burn!
The jelly is lightly wounded.
The gnoll barely misses you.
A dart slug comes into view.
The jelly hits you.
You are splashed with acid!
You are too injured to fight recklessly!
You are too injured to fight recklessly!
You are too injured to fight recklessly!
You are too injured to fight recklessly!
You are too injured to fight recklessly!
You are too injured to fight recklessly!
You are too injured to fight recklessly!
You are too injured to fight recklessly!
You are too injured to fight recklessly!
You are too injured to fight recklessly!
You are too injured to fight recklessly!
You are too injured to fight recklessly!
You are too injured to fight recklessly!
Unknown command.
The gnoll attacks as you move away! The gnoll misses you.
The gnoll zaps a wand.
You suddenly lose the ability to move!
The gnoll hits you from afar with a +0 spear.
The jelly hits you.
You are splashed with acid.
* * * LOW HITPOINT WARNING * * *
The gnoll hits you from afar with a +0 spear!
You die...

. ......>. # ....... ######
.....# .....# ....# ####.#
...## #.# ...## # #.# ###
#...#.# #.#
######.######.....#
#.#######<..)@†##.........#
#)#....#######J##[###.##..###
#)#.##.#.......go[[.w[......#
#.#..#.#.#####)###[##.#.....#
#.##.#..#.#.#
#..............#
#......<#.#.###
#####..).......#
#.#...........# #.......>###
# #......>.(..# #........+
####........# #........#


You could see a jelly, a gnoll and an orc.

Vanquished Creatures
  Sigmund (D:5)
  2 phantoms
  A scorpion (D:4)
  A hound (D:5)
  A sleepcap (D:5)
  Jessica (D:3)
  An orc wizard (D:4)
  An iguana (D:3)
  6 gnolls
  10 adders
  2 worms
  16 orcs
  3 bats
  10 endoplasms
  A giant cockroach (D:4)
  7 goblins
  11 hobgoblins
  8 kobolds
  4 quokkas
  4 ball pythons
  3 frilled lizards
  5 rats
99 creatures vanquished.

Notes
Turn   | Place    | Note
-------+----------+-------------------------------------------
     0 | D:1      | Ijustatesigmund the Octopode Venom Mage began the quest for
                  | the Orb.
     0 | D:1      | Reached XP level 1. HP: 11/11 MP: 3/3
   183 | D:1      | Reached XP level 2. HP: 16/18 MP: 5/5
   222 | D:1      | Learned a level 2 spell: Poisonous Vapours
   268 | D:1      | Found Caiplewa's Armour Shop.
   362 | D:1      | Reached skill level 1 in Fighting
   420 | D:1      | Reached skill level 4 in Poison Magic
   533 | D:1      | Reached XP level 3. HP: 15/23 MP: 6/6
   537 | D:1      | Learned a level 3 spell: Mephitic Cloud
   880 | D:2      | Reached skill level 1 in Air Magic
   982 | D:2      | Found a stormy altar of Qazlal.
  1005 | D:2      | Found a faded altar of an unknown god.
  1254 | D:2      | Found a runed translucent door.
  1255 | D:2      | Noticed Crazy Yiuf
  1675 | D:3      | Noticed Jessica
  1678 | D:3      | Reached XP level 4. HP: 28/28 MP: 7/7
  1687 | D:3      | Reached skill level 1 in Conjurations
  1687 | D:3      | Killed Jessica
  2024 | D:3      | Reached XP level 5. HP: 31/33 MP: 9/9
  2264 | D:4      | Learned a level 4 spell: Olgreb's Toxic Radiance
  2323 | D:4      | Reached skill level 5 in Poison Magic
  2323 | D:4      | Reached XP level 6. HP: 38/38 MP: 3/10
  3420 | D:4      | Found an ornate altar of the Wu Jian Council.
  3467 | D:5      | Entered Level 5 of the Dungeon
  3494 | D:5      | Reached XP level 7. HP: 38/43 MP: 5/12
  3819 | D:5      | You fall into a shaft and drop 1 floor!
  3883 | D:5      | Noticed Sigmund
  3895 | D:5      | Killed Sigmund
  3896 | D:5      | Reached skill level 6 in Poison Magic
  4126 | D:5      | Paralysed by a gnoll for 4 turns
  4128 | D:5      | Slain by a gnoll

Illustrated notes

Levels and vault maps discovered:
D:1:      dpeg_arrival_arbitrary_a, layout_basic, serial_shops, shop_fountains,
          serial_forest, infiniplex_forest_fountain,
          infiniplex_forest_clump_double, infiniplex_forest_corner_2,
          infiniplex_forest_clump_tiny, infiniplex_forest_straight_5,
          infiniplex_forest_straight_4, infiniplex_forest_corner_1
D:2:      layout_basic, shapermc_ecumenical_altar_notcrosses, basic_altar,
          uniq_crazy_yiuf_cottage
D:3:      layout_basic, minmay_misc_feat_secret_circle, solitary_fountain,
          uniq_jessica
D:4:      layout_basic, pdpol_wu_jian_five_deadly_venoms
D:5:      minmay_clustersquares, layout_basic, uniq_blork_the_orc, uniq_sigmund
D:6:      layout_loops_cross, minmay_temple_entry_offerings

Skill      XL: |  1  2  3  4  5  6  7 |
---------------+----------------------+-----
Fighting       | 1 |  1.2
Poison Magic   | 4 5 6 |  6.2
Air Magic      | 1 2 3 |  3.7
Conjurations   | 1 2 3 |  3.6
Spellcasting   | 3 4 |  4.2
Dodging        | |  2.0
Stealth        | |  2.6
Transmutations | |  1.0

Action                     |  1- 3 |  4- 6 |  7- 9 || total
---------------------------+-------+-------+-------++-------
  Melee: Unarmed           |    16 |       |       ||    16
         Constrict         |    18 |    12 |     7 ||    37
         Tentacles         |    18 |    14 |     8 ||    40
         Punch             |     2 |     3 |     1 ||     6
         Short sword       |    55 |    70 |    51 ||   176
  Throw: Dart              |     2 |       |       ||     2
   Cast: Poisonous Vapours |     6 |    12 |     3 ||    21
         Olgreb's Toxic Ra |       |     6 |     4 ||    10
         Mephitic Cloud    |       |     1 |       ||     1
         Sting             |       |     1 |       ||     1
    Use: Scroll            |       |     8 |       ||     8
         Potion            |       |     1 |     1 ||     2
   Stab: Sleeping          |    10 |     3 |       ||    13
 Armour: Skin              |     5 |     4 |     2 ||    11
  Dodge: Dodged            |    28 |    21 |    29 ||    78

Table legend: (Time is in decaauts)
 A = Elapsed time spent in this place.
 B = Non-inter-level travel time spent in this place.
 C = Inter-level travel time spent in this place.
 D = Time resting spent in this place.
 E = Time spent auto-exploring this place.
 F = Levels seen in this place.
 G = Mean time per level.
                   A        B        C        D        E       F      G
               +--------+--------+--------+--------+--------+-----+--------+
         Total |   4068 |   3943 |    125 |   1005 |   2332 |   6 |  678.0 |
       Dungeon |   4068 |   3943 |    125 |   1005 |   2332 |   6 |  678.0 |
               +--------+--------+--------+--------+--------+-----+--------+

Top non-repeatable levels by time:
     D:4: 1492 daAuts
     D:2: 885 daAuts
     D:1: 723 daAuts
     D:3: 594 daAuts
     D:5: 355 daAuts
     D:6: 16 daAuts
